 Dungeon Crawl Stone Soup version 0.30-b1-2-g02819fbbbe (webtiles) character file.

Game seed: 15730438227588370562

11858 LLlMATKO the Cleaver (level 11, -9/156 HPs)
             Began as a Minotaur Berserker on Aug 2, 2023.
             Was a High Priest of Trog.
             Killed from afar by a gargoyle (14 damage)
             ... with a stone arrow
             ... on level 11 of the Dungeon on Aug 3, 2023.
             The game lasted 00:10:20 (11506 turns).

LLlMATKO the Cleaver (Minotaur Berserker)          Turns: 11506, Time: 00:10:21

Health: -9/156     AC: 22    Str: 32    XL:     11   Next: 54%
Magic:  10/10      EV: 13    Int:  4    God:    Trog [*****.]
Gold:   613        SH:  0    Dex: 16    Spells: 10/10 levels left

rFire   . . .        K - +3 battleaxe
rCold   . . .        (shield currently unavailable)
rNeg    . . .        J - +0 plate armour
rPois   +            (helmet restricted)
rElec   .            P - +2 cloak {rPois}
rCorr   .            f - +0 pair of gloves
SInv    .            g - +1 pair of boots {Stlth+}
Will    .....        (no amulet) Stlth
                     z - +6 ring of dexterity
HPRegen 0.46/turn    L - +6 ring of strength
MPRegen 0.12/turn

%: no passive effects
@: berserking (expiring), very quick
A: horns 2, retaliatory headbutt
a: Renounce Religion, Berserk, Trog's Hand, Brothers in Arms


You were on level 11 of the Dungeon.
You worshipped Trog.
Trog was extremely pleased with you.
You visited 1 branch of the dungeon, and saw 13 of its levels.
You also visited: Ossuary and Bailey.

You collected 613 gold pieces.

Inventory:

Hand Weapons
 j - a +4 hand axe of freezing
 v - the +7 whip "Kubuutt" {heavy, rC+ Stlth+}
   (You found it in a bailey)

   rC:        It protects you from cold.
   Stlth:     It makes you more stealthy.
 C - a +0 war axe
 K - a +3 battleaxe (weapon)
 O - a +0 spear
Missiles
 e - 12 boomerangs (quivered)
 l - 39 poisoned darts
 G - a throwing net
 S - 2 curare-tipped darts
Armour
 f - a +0 pair of gloves (worn)
 g - a +1 pair of boots of stealth (worn)
 J - a +0 plate armour (worn)
 P - a +2 cloak of poison resistance (worn)
 R - the orb of Prudence {light, Harm Str+2 Int-2}
   (You found it on level 8 of the Dungeon)

   Str:       It affects your strength (+2).
   Int:       It affects your intelligence (-2).
   Harm:      It increases damage dealt and taken.
Jewellery
 z - a +6 ring of dexterity (left hand)
 L - a +6 ring of strength (right hand)
 V - a ring of willpower
Wands
 D - a wand of iceblast (7)
 M - a wand of digging (8)
 N - a wand of charming (7)
Scrolls
 a - 4 scrolls of noise
 c - 2 scrolls of blinking
 d - 3 scrolls of fear
 i - 3 scrolls of magic mapping
 m - 3 scrolls of torment {unknown}
 o - 5 scrolls of teleportation {unknown}
 q - 3 scrolls of enchant armour {unknown}
 w - a scroll of summoning {unknown}
 y - 11 scrolls of identify {unknown}
 A - 5 scrolls of amnesia {unknown}
 E - a scroll of poison {unknown}
 F - 2 scrolls of vulnerability {unknown}
 H - a scroll of fog {unknown}
 T - a scroll of enchant weapon {unknown}
 U - 3 scrolls of acquirement {unknown}
 W - a scroll of immolation {unknown}
Potions
 b - 2 potions of attraction {unknown}
 h - a potion of ambrosia {unknown}
 k - 12 potions of curing {unknown}
 n - 2 potions of degeneration {unknown}
 p - a potion of might {unknown}
 r - 4 potions of heal wounds {unknown}
 s - 3 potions of resistance {unknown}
 t - a potion of berserk rage {unknown}
 u - 4 potions of mutation {unknown}
 x - 2 potions of brilliance {unknown}
 B - 2 potions of cancellation {unknown}
 I - 3 potions of haste
 Q - a potion of magic {unknown}


   Skills:
 + Level 11.7 Fighting
 + Level 11.7 Axes
 + Level 11.3 Armour
 + Level 10.4 Dodging


You had 10 spell levels left.
You didn't know any spells.
Your spell library was empty.

Dungeon Overview and Level Annotations

Branches:
Dungeon (13/15)            Temple (0/1) D:5            Lair (0/5) D:10
Ossuary (visited)          Bailey (visited)
    Orc: D:9-12      Vaults: D:13-14

Altars:
Dithmenos
Elyvilon
Fedhas
Kikubaaqudgha
Makhleb
Nemelex Xobeh
Qazlal
Ru
Sif Muna
Wu Jian
Xom
The Shining One

Shops:
D:1 ([(*:   D:6 ?   D:10 *

Annotations:
D:5 2 transporters
D:6 3 runed translucent doors, Killmatronix's ghost, novice DrNe
D:10 2 transporters, kwasso's ghost, journeyman VSIE


Innate Abilities, Weirdness & Mutations

You have a pair of horns on your head.
You reflexively headbutt those who attack you in melee.


Message History

You feel less confused. The orc barely misses you. You furiously retaliate!
You headbutt the orc.
You kill the orc!
Trog accepts your kill. The gargoyle misses you. You furiously retaliate!
You headbutt the gargoyle. The orc warrior barely misses you.
A red film seems to cover your vision as you go berserk!
You feel yourself moving faster!
You feel mighty! The gargoyle closely misses you.
The orc warrior hits you from afar with a +0 halberd.
* * * LOW HITPOINT WARNING * * *
You feel a strong urge to attack something.
Things that are here:
a +4 scimitar of flaming; a +0 robe; an inky potion Unknown command.
You hit the orc warrior.
The orc warrior is lightly wounded.
The gargoyle hurls a stone arrow at you.
The stone arrow hits you.
* * * LOW HITPOINT WARNING * * *
The orc warrior barely misses you. You furiously retaliate!
You headbutt the orc warrior! You cut the orc warrior into ribbons!!!
You kill the orc warrior!
Trog accepts your kill.
The gargoyle hurls a stone arrow at you.
The stone arrow hits you!!
* * * LOW HITPOINT WARNING * * *
Unknown command.
The gargoyle hurls a stone arrow at you.
The stone arrow misses you.
You see here a +0 mace.
You hit the gargoyle but do no damage.
The gargoyle is severely damaged.
You completely miss the gargoyle.
You headbutt the gargoyle, but do no damage.
The gargoyle is severely damaged.
The gargoyle hurls a stone arrow at you.
The stone arrow hits you!
You die...

...................##
....................#..
........#..............
.......###......†......
.......#..............
#.....................
#......).............
.......))).....).....
......9@)...#........
...........###.......
............# ......
....................
....................
..........?."......
........>.......
###############


You could see a gargoyle.

Vanquished Creatures
  A two-headed ogre (D:11)
  Erica (D:11)
  A boulder beetle (D:12)
  Pikel (D:7)
  2 gargoyles
  4 komodo dragons
  A troll (D:11)
  2 hornets
  2 vampires
  2 wraiths
  11 yaks
  2 wyverns (D:9)
  7 vampire mosquitoes
  Menkaure (D:5)
  A water moccasin (D:9)
  A black bear (D:8)
  2 orc warriors
  2 sky beasts (D:7)
  5 centaurs
  A phantom (D:5)
  2 kobold brigands (D:8)
  3 scorpions
  2 bullfrogs (D:8)
  A gnoll sergeant (D:8)
  4 wights (D:7)
  8 killer bees
  8 vampire bats (Bailey)
  5 howler monkeys
  4 wolf zombies (Bailey)
  A crimson imp (D:6)
  A hound (D:6)
  8 orc priests
  2 jellies
  Crazy Yiuf (D:2)
  Natasha (thrice) (D:2)
  3 iguanas
  12 orc wizards
  A sleepcap (D:8)
  A mummy (Ossuary)
  4 gnolls (D:6)
  12 adders
  3 shadow imps
  3 ufetubi
  3 worms
  A dart slug (D:2)
  34 orcs
  10 endoplasms
  3 giant cockroaches
  10 goblins
  5 hobgoblins
  5 jackals
  5 quokkas
  9 ball pythons
  6 bats
  5 frilled lizards
  6 gnoll skeletons (Ossuary)
  3 hobgoblin zombies (D:8)
  9 kobolds
  7 kobold skeletons
  A kobold zombie (D:8)
  13 orc skeletons
  21 orc zombies
  5 rats
303 creatures vanquished.

Vanquished Creatures (others)
  42 plants (D:10)
42 creatures vanquished.

Grand Total: 345 creatures vanquished

Notes
Turn   | Place    | Note
-------+----------+-------------------------------------------
     0 | D:1      | LLlMATKO the Minotaur Berserker began the quest for the
                  | Orb.
     0 | D:1      | Reached XP level 1. HP: 19/19 MP: 0/0
    34 | D:1      | Found Xyme Giu's Antique Weapon Shoppe.
    51 | D:1      | Reached XP level 2. HP: 11/27 MP: 1/1
   126 | D:1      | Found Unucwess's Antique Armour Shoppe.
   144 | D:1      | Found Ilat's Weapon Boutique.
   457 | D:1      | Found Ynitu's Assorted Antiques.
   579 | D:1      | Found Uprifet's Book Shop.
   833 | D:2      | Reached XP level 3. HP: 33/33 MP: 2/2
   938 | D:2      | Reached ** piety under Trog
  1094 | D:2      | Reached XP level 4. HP: 41/41 MP: 3/3
  1173 | D:2      | Noticed Natasha
  1184 | D:2      | Killed Natasha
  1218 | D:2      | Noticed Natasha
  1230 | D:2      | Killed Natasha
  1298 | D:2      | Noticed a floating eye
  1300 | D:2      | Found a faded altar of an unknown god.
  1302 | D:2      | Noticed a great orb of eyes
  1302 | D:2      | Noticed a shining eye
  1302 | D:2      | Noticed a shining eye
  1309 | D:2      | Reached XP level 5. HP: 34/47 MP: 4/4
  1454 | D:2      | Found a runed translucent door.
  1455 | D:2      | Noticed Crazy Yiuf
  1537 | D:2      | Noticed Natasha
  1542 | D:2      | Killed Natasha
  1935 | D:2      | Killed Crazy Yiuf
  2103 | D:3      | Reached skill level 5 in Fighting
  2103 | D:3      | Reached skill level 5 in Axes
  2245 | D:3      | Reached XP level 6. HP: 56/56 MP: 5/5
  3149 | D:4      | Reached *** piety under Trog
  3569 | D:4      | Reached XP level 7. HP: 54/62 MP: 6/6
  3576 | D:4      | Reached skill level 5 in Armour
  3700 | D:4      | Found a sparkling altar of Nemelex Xobeh.
  3747 | D:5      | Entered Level 5 of the Dungeon
  3906 | D:5      | Found a staircase to the Ecumenical Temple.
  3932 | D:5      | Found a transporter.
  4084 | D:5      | Reached skill level 5 in Dodging
  4086 | D:5      | Noticed Menkaure
  4092 | D:5      | Killed Menkaure
  4216 | D:5      | Found a transporter.
  4378 | D:6      | Noticed a hornet
  4388 | D:6      | Reached XP level 8. HP: 71/71 MP: 7/7
  4388 | D:6      | Found a sand-covered staircase.
  4391 | D:6      | Paralysed by a hornet for 2 turns
  4397 | D:6      | Killed a hornet
  4455 | Ossuary  | Entered an ossuary
  4615 | Ossuary  | Reached **** piety under Trog
  4782 | D:6      | Found a burning altar of Makhleb.
  4782 | D:6      | Found a shimmering altar of Xom.
  5018 | D:6      | Found a runed translucent gate.
  5019 | D:6      | Found a runed translucent gate.
  5019 | D:6      | Found a runed translucent gate.
  5129 | D:6      | Found Muewijur's Magic Scroll Boutique.
  5197 | D:6      | Noticed Killmatronix's ghost (novice DrNe)
  5553 | D:7      | Found a stormy altar of Qazlal.
  5626 | D:7      | Noticed Pikel
  5640 | D:7      | Killed Pikel
  5641 | D:7      | Reached XP level 9. HP: 81/81 MP: 8/8
  5889 | D:7      | Identified the +5 falchion of Butchery {venom, rN+}
  6734 | D:8      | Found a flagged portal.
  6744 | Bailey   | Entered a bailey
  6786 | Bailey   | Noticed a gargoyle
  6795 | Bailey   | Killed a gargoyle
  7083 | Bailey   | Reached ***** piety under Trog
  7097 | Bailey   | Identified the +7 whip "Kubuutt" {heavy, rC+ Stlth+}
  7126 | Bailey   | Reached XP level 10. HP: 91/91 MP: 9/9
  7298 | D:8      | Identified the orb of Prudence {light, Harm Str+2 Int-2}
  7393 | D:8      | Received a gift from Trog
  7799 | D:8      | Found a glowing golden altar of the Shining One.
  8149 | D:9      | Reached skill level 10 in Axes
  8244 | D:9      | Reached skill level 10 in Fighting
  8312 | D:9      | Found a shadowy altar of Dithmenos.
  8582 | D:9      | Found a sacrificial altar of Ru.
  8918 | D:9      | Found a shimmering blue altar of Sif Muna.
  9409 | D:9      | Found a shadowy altar of Dithmenos.
  9554 | D:9      | Found a sacrificial altar of Ru.
  9758 | D:9      | Found a shimmering blue altar of Sif Muna.
 10126 | D:10     | Entered Level 10 of the Dungeon
 10150 | D:10     | Found Wyqedats's Assorted Antiques.
 10181 | D:10     | Found a transporter.
 10182 | D:10     | Found a transporter.
 10324 | D:10     | Reached skill level 10 in Armour
 10497 | D:10     | You fall into a shaft and drop 3 floors!
 10657 | D:12     | Reached XP level 11. HP: 80/101 MP: 10/10
 10769 | D:12     | Noticed a boulder beetle
 10772 | D:12     | Received a gift from Trog
 10776 | D:12     | Killed a boulder beetle
 10983 | D:10     | Found a staircase to the Lair.
 11012 | D:10     | Identified the +6 dire flail of Arpha {freeze, Stlth+}
 11012 | D:10     | Noticed a two-headed ogre
 11012 | D:10     | Noticed a two-headed ogre
 11012 | D:10     | Noticed kwasso's ghost (journeyman VSIE)
 11013 | D:10     | Noticed a two-headed ogre
 11014 | D:10     | Noticed a two-headed ogre
 11021 | D:10     | Reached skill level 10 in Dodging
 11040 | D:10     | Noticed a two-headed ogre
 11177 | D:10     | Found an ornate altar of the Wu Jian Council.
 11180 | D:10     | Found an ancient bone altar of Kikubaaqudgha.
 11180 | D:10     | Found a blossoming altar of Fedhas.
 11183 | D:10     | Found a white marble altar of Elyvilon.
 11367 | D:11     | Noticed a two-headed ogre
 11372 | D:11     | Killed a two-headed ogre
 11487 | D:11     | Noticed Erica
 11499 | D:11     | Killed Erica
 11503 | D:11     | HP: 4/156 [gargoyle/stone arrow (22)]
 11506 | D:11     | Killed from afar by a gargoyle

Illustrated notes

Levels and vault maps discovered:
D:1:      lightli_molten_gateway, layout_basic, serial_shops, shop, shop, shop,
          shop, nicolae_book_shop_shelving
D:2:      layout_loops_cross, hellmonk_ecumenical_altar_watching_god,
          uniq_crazy_yiuf_cottage, uniq_natasha
D:3:      layout_basic
D:4:      layout_loops_cross, nemelex_diamond_rough_becter
D:5:      layout_cave_pools, minmay_temple_entry_statues_pillars,
          gammafunk_ghost_abyssal_escape, kennysheep_minor_cross, uniq_menkaure
D:6:      layout_loops_cross, grunt_temple_overflow_champion_of_chaos,
          gammafunk_ghost_necromancy, enter_ossuary_3, serial_shops, shop,
          kennysheep_generic_room_4
D:7:      layout_basic, amcnicky_altar_gilded, corner_web_ring, minivault_27,
          uniq_pikel
D:8:      layout_basic, nicolae_tso_besieged_by_evil, enter_bailey_3,
          grunt_ministairs_7, minmay_fractal_squares_diagonal_5
D:9:      layout_loops_ring, kennysheep_mini_moat,
          nicolae_overflow_hidden_temple, serial_co_window_serial,
          co_window_of_opportunity_a, co_window_corner_a, co_window_paths_a,
          co_window_corner_a, co_window_paths_a, co_window_broadway_a,
          co_window_paths_c, co_window_corner_b, co_window_broadway_b,
          co_window_2corner, co_window_2corner, co_window_corner_ca,
          glass_columns_b, glass_columns_c, minmay_misc_feat_hallway,
          minivault_27
D:10:     layout_rooms, grunt_temple_overflow_open, david_lair_shrubbed,
          serial_shops, nicolae_shop_crystal, gammafunk_ghost_smash,
          moated_statue
D:11:     layout_big_octagon, uniq_erica
D:12:     layout_cave_pods, david_orc_2, dreamdust_princess_corridor
D:13:     layout_irregular_city, erik_vaults_1

Skill      XL: |  1  2  3  4  5  6  7  8  9 10 11 |
---------------+----------------------------------+-----
Axes           | 4 5 6 8 9 10 11 | 11.7
Fighting       | 4 5 6 8 9 10 11 | 11.7
Armour         | 3 4 5 7 8 10 11 | 11.3
Dodging        | 3 4 5 6 8 9 10 | 10.4

Action                     |  1- 3 |  4- 6 |  7- 9 | 10-12 || total
---------------------------+-------+-------+-------+-------++-------
  Melee: Hand axe          |    83 |   117 |    10 |       ||   210
         Headbutt          |    10 |    23 |    37 |    62 ||   132
         War axe           |       |    30 |   123 |       ||   153
         Punch             |       |     1 |     3 |       ||     4
         Battleaxe         |       |       |    67 |   234 ||   301
 Invoke: Berserk           |     1 |     4 |     3 |     2 ||    10
    Use: Scroll            |       |       |     5 |       ||     5
   Stab: Distracted        |       |       |     1 |       ||     1
         Sleeping          |       |       |     1 |       ||     1
 Armour: Animal skin       |     5 |       |       |       ||     5
         Scale mail        |    27 |    56 |    39 |       ||   122
         Plate armour      |       |       |    60 |   149 ||   209
  Dodge: Dodged            |    60 |    66 |   146 |   164 ||   436
